[gd_scene load_steps=8 format=3 uid="uid://cepfuiqimac7m"]

[sub_resource type="GDScript" id="1"]
script/source = "extends \"res://core/IvmiNode.gd\"

signal button_pressed
signal button_released

var _body

func _ready():
	_add_property(\"triggered\", [0])
	_body = get_node(\"Body\")

func pressed():
	if !_get_property(\"triggered\")[0]:
		_set_property(\"triggered\",[1])
	emit_signal(\"button_pressed\")
	print(\"p\")

func released():
	if _get_property(\"triggered\")[0]:
		_set_property(\"triggered\",[0])
	emit_signal(\"button_released\")
	print(\"r\")
func _set_property(prop, vals) :
	super._set_property(prop, vals)
	match prop:
		\"triggered\" :
			if vals[0]:
				_body.press()
			else:
				_body.release()
				
			
"

[sub_resource type="BoxMesh" id="2"]

[sub_resource type="GDScript" id="3"]
script/source = "extends RigidBody3D

@export var button_spring_force = 5
@export var end_point_node_path: NodePath
@export var start_point_node_path: NodePath
@export var button_mesh_node_path: NodePath
var _end_point
var _start_point
var _parent
var _pressed = false
var _button_mesh
var MARGIN = 0.01
var initial_v

func _ready():
	_end_point = get_node(end_point_node_path)
	_start_point = get_node(start_point_node_path)
	_parent = get_parent()
	_button_mesh =  get_node(button_mesh_node_path)
	initial_v = _button_mesh.get_surface_override_material(0).albedo_color.v

func _integrate_forces(state):
	if position.z < _end_point.position.z:
		apply_central_force(global_transform.basis.z * button_spring_force)


func _on_pressed():
			_button_mesh.get_surface_override_material(0).albedo_color.v=initial_v + 50
func _on_released():
			_button_mesh.get_surface_override_material(0).albedo_color.v=initial_v

func press():
	linear_velocity = Vector3.ZERO
	position = _start_point.position
	if _pressed == false:
		_pressed = true
		_parent.pressed()
		_on_pressed()

func release():
	linear_velocity = Vector3.ZERO
	position = _end_point.position
	if _pressed == true:
		_pressed = false
		_parent.released()
		_on_released()	
	
func _physics_process(delta):
	if position.x > MARGIN:
		position.x = 0
	if position.y > MARGIN:
		position.y = 0
	if position.z >= (_end_point.position.z + MARGIN):
		release()
	if position.z <= (_start_point.position.z-MARGIN):
		press()
	

		
"

[sub_resource type="BoxMesh" id="4"]

[sub_resource type="StandardMaterial3D" id="5"]
albedo_color = Color(1, 0, 0, 1)

[sub_resource type="BoxShape3D" id="6"]
size = Vector3(0.757024, 0.750126, 0.300778)

[sub_resource type="SphereMesh" id="7"]

[node name="Button" type="Node3D"]
transform = Transform3D(0.5, 0, 0, 0, 0.5, 0, 0, 0, 0.5, 0, 0, 0)
script = SubResource("1")

[node name="ButtonBase" type="MeshInstance3D" parent="."]
transform = Transform3D(1, 0, 0, 0, 1, 0, 0, 0, 0.4, 0, 0, 0)
mesh = SubResource("2")
material/0 = null

[node name="Body" type="RigidBody3D" parent="."]
transform = Transform3D(1, 0, 0, 0, 1, 0, 0, 0, 1, 0, 0, 0.25)
gravity_scale = 0.0
axis_lock_angular_x = true
axis_lock_angular_y = true
axis_lock_angular_z = true
script = SubResource("3")
end_point_node_path = NodePath("../EndPoint")
start_point_node_path = NodePath("../StartPoint")
button_mesh_node_path = NodePath("Button")

[node name="Button" type="MeshInstance3D" parent="Body"]
transform = Transform3D(0.75, 0, 0, 0, 0.75, 0, 0, 0, 0.3, 0, 0, 0)
mesh = SubResource("4")
material/0 = SubResource("5")

[node name="CollisionShape3D" type="CollisionShape3D" parent="Body"]
shape = SubResource("6")

[node name="EndPoint" type="Node3D" parent="."]
transform = Transform3D(1, 0, 0, 0, 1, 0, 0, 0, 1, 0, 0, 0.35)
visible = false

[node name="MeshInstance3D" type="MeshInstance3D" parent="EndPoint"]
transform = Transform3D(0.1, 0, 0, 0, 0.1, 0, 0, 0, 0.1, 0, 0, 0)
mesh = SubResource("7")
material/0 = null

[node name="StartPoint" type="Node3D" parent="."]
transform = Transform3D(1, 0, 0, 0, 1, 0, 0, 0, 1, 0, 0, 0.15)
visible = false

[node name="MeshInstance3D" type="MeshInstance3D" parent="StartPoint"]
transform = Transform3D(0.1, 0, 0, 0, 0.1, 0, 0, 0, 0.1, 0, 0, 0)
visible = false
mesh = SubResource("7")
material/0 = null
